 Dungeon Crawl Stone Soup version 0.32-a0-834-geaf45d8e21 (webtiles) character file.

Game seed: 428015717606439000

366 ezpacito the Trooper (level 6, -1/72 HPs)
             Began as a Coglin Chaos Knight on Mar 25, 2024.
             Was a Plaything of Xom.
             Slain by a gnoll
             ... wielding a +0 halberd
              (5 damage)
             ... on level 4 of the Dungeon.
             The game lasted 00:03:44 (2805 turns).

ezpacito the Trooper (Coglin Chaos Knight)          Turns: 2805, Time: 00:03:45

Health: -1/72      AC: 30    Str: 13    XL:     6   Next: 68%
Magic:  7/7        EV:  2    Int: 16    God:    Xom [..*...]
Gold:   287        SH:  0    Dex: 12    Spells: 7/7 levels left

rFire   . . .        a - +0 hand axe (chaos) {Gottfried}
rCold   . . .        e - +0 spear (protect) {Hisao}
rNeg    . . .        b - melded +3 leather armour
rPois   +            (helmet currently unavailable)
rElec   .            m - melded +0 cloak
rCorr   .            d - melded +0 pair of gloves
SInv    .            (boots currently unavailable)
Will    .....        (no amulet)
Stlth   ++           (no ring)
HPRegen 0.32/turn    (no ring)
MPRegen 0.10/turn    (no gizmo)

%: no passive effects
@: tree-form, under a protective aura, hasted, revved, very quick
A: stationary, stasis, torment immunity, boosted hp, off-hand wielding, slow
wielding, warmup strikes, (no jewellery), (iridescent scales 1), clever 1
a: Invent Gizmo, Renounce Religion


You were on level 4 of the Dungeon.
You worshipped Xom.
You were a toy of Xom.
You were a tree.
You visited 1 branch of the dungeon, and saw 4 of its levels.

You collected 287 gold pieces.

Inventory:

Hand Weapons
 a - a +0 hand axe of chaos (weapon) {Gottfried}
 e - a +0 spear of protection (offhand) {Hisao}
Armour
 b - a +3 leather armour (melded)
 d - a +0 pair of gloves (melded)
 m - a +0 cloak (melded)
Talismans
 s - a blade talisman
Wands
 D - a wand of digging (2)
Scrolls
 i - a scroll of identify
 j - a scroll of enchant armour
 o - a scroll of noise
 p - a scroll of poison
 t - a scroll of teleportation
 B - 2 scrolls of blinking


   Skills:
 * Level 4.1 Fighting
 * Level 4.0(4.2) Axes
 + Level 1.7(2.9) Polearms
 * Level 3.1 Armour
 * Level 2.5 Dodging
 + Level 1.3 Stealth
 + Level 1.2 Spellcasting


You had 7 spell levels left.
You didn't know any spells.
Your spell library contained the following spells:

 Spells                   Type           Power      Damage    Failure   Level
 Ensorcelled Hibernation  Hex/Ice        2%         N/A       34%         2
 Passwall                 Erth           1%         N/A       56%         3
 Swiftness                Air            1%         N/A       56%         3


Dungeon Overview and Level Annotations

Branches:
Dungeon (4/15)
 Temple: D:4-7

Altars:
Okawaru
Wu Jian


Innate Abilities, Weirdness & Mutations

You are a tree.
Your roots penetrate the ground, keeping you stationary.
You cannot be teleported.
You are immune to unholy pain and torment.
Your maximum health is greatly increased.
Your equipment is partially melded.
You can wield a second weapon in your off-hand.
It takes a long time for you to wield or remove held weapons.
Your first few attacks do less damage.
((You cannot equip rings or amulets.))
((You are partially covered in iridescent scales. (AC +2)))
Your mind is acute. (Int +4, Str/Dex -1)


Message History

It is a scroll of enchant armour.
Your +2 leather armour glows green for a while.
The gnoll hits you but does no damage.
As you read the scroll labelled QEUWUS UTE, it crumbles to dust.
You feel a strange sense of stasis.
It was a scroll of teleportation.
t - a scroll of teleportation The gnoll barely misses you.
As you read the scroll of fog, it dissolves into smoke.
The gnoll hits you but does no damage. x2
Nothing appears to happen.
As you read the scroll labelled TAM CACHIECZO, it crumbles to dust.
It was a scroll of poison.
The gnoll hits you but does no damage.
As you read the scroll labelled WIETTE BARATEIRO, it crumbles to dust.
It is a scroll of identify.
o - a scroll of noise;
i - a scroll of identify;
j - a scroll of enchant armour The gnoll hits you but does no damage.
As you read the scroll labelled YSUEDESEXAO, it crumbles to dust.
It is a scroll of brand weapon.
Your +0 spear {Hisao} projects an invisible shield of force!
e - a +0 spear of protection (offhand) {Hisao} The gnoll hits you but does no damage. x2
Hit: a) +0 hand axe (chaos) {Gottfried}
Press: ? - help, Dir - move target, f/p - gnoll
Aim: a gnoll, wielding a +0 halberd (grey smoke, almost dead, ally target, about 34% to evade your +0 hand axe of chaos)
You reach to attack!
You hit the gnoll with your +0 spear of protection.
Your weapon exudes an aura of protection.
The gnoll hits you but does no damage. x2
Hit: a) +0 hand axe (chaos) {Gottfried}
Press: ? - help, Dir - move target, f/p - gnoll
Aim: a gnoll, wielding a +0 halberd (grey smoke, almost dead, ally target, about 34% to evade your +0 hand axe of chaos)
You reach to attack!
You closely miss the gnoll with your +0 spear of protection.
Hit: a) +0 hand axe (chaos) {Gottfried}
Press: ? - help, Dir - move target, f/p - gnoll
Aim: a gnoll, wielding a +0 halberd (grey smoke, almost dead, ally target, about 34% to evade your +0 hand axe of chaos)
You reach to attack!
You closely miss the gnoll with your +0 spear of protection.
The gnoll hits you from afar with a +0 halberd.
You die...

.## ..# # ###..# #.
#..b.# #.##b#b.#
#.b.bb)b#####* *
#..§gg..b.... ,,, *
####§#######.***
*,* #♣# #.#*###.**
#b# #####.##....,
#b###....<.....,.
#.§##...>....##..
##.##...........
##.##........# ,,
##.#.#....)..# , ,
##.###.....<†.###..
#.## ##....†.......


You could see 2 gnolls.

Vanquished Creatures
  2 scorpions
  An iguana (D:4)
  6 gnolls
  7 adders
  2 ribbon worms (D:2)
  3 dart slugs
  An orc (D:4)
  11 endoplasms
  9 giant cockroaches
  4 goblins
  4 hobgoblins
  9 jackals
  2 kobolds (D:2)
  7 quokkas
  6 ball pythons
  4 bats
  4 frilled lizards
  4 rats
86 creatures vanquished.

Notes
Turn   | Place    | Note
-------+----------+-------------------------------------------
     0 | D:1      | ezpacito the Coglin Chaos Knight began the quest for the
                  | Orb.
     0 | D:1      | Reached XP level 1. HP: 18/18 MP: 1/1
    24 | D:1      | XOM: silly message
    71 | D:1      | XOM: silly message
    84 | D:1      | Reached skill level 1 in Dodging
   112 | D:1      | Reached XP level 2. HP: 24/24 MP: 2/2
   270 | D:1      | XOM: divination: magic mapping
   298 | D:1      | Reached XP level 3. HP: 29/29 MP: 3/3
   712 | D:1      | Reached XP level 4. HP: 31/35 MP: 4/4
   744 | D:2      | XOM: divination: detect items
   839 | D:2      | Reached skill level 1 in Polearms
   971 | D:2      | XOM: potion effect (invisibility)
   979 | D:2      | Reached XP level 5. HP: 23/41 MP: 6/6
   991 | D:2      | Reached skill level 1 in Stealth
  1245 | D:2      | Found a faded altar of an unknown god.
  1545 | D:2      | XOM: cloud trail
  1882 | D:2      | You fall into a shaft and drop 1 floor!
  2263 | D:3      | Reached skill level 1 in Spellcasting
  2327 | D:3      | Found an iron altar of Okawaru.
  2380 | D:3      | Reached XP level 6. HP: 48/48 MP: 7/7
  2415 | D:3      | Found an ornate altar of the Wu Jian Council.
  2576 | D:4      | XOM: divination: magic mapping
  2583 | D:4      | Gained mutation: Your mind is acute. (Int +4, Str/Dex -1)
                  | [potion of mutation]
  2583 | D:4      | Gained mutation: You are partially covered in iridescent
                  | scales. (AC +2) [potion of mutation]
  2796 | D:4      | HP: 2/72 [gnoll/+0 halberd (6)]
  2805 | D:4      | Slain by a gnoll

Illustrated notes

Levels and vault maps discovered:
D:1:      spicycebolla_arrival_xxxplode, layout_basic, minmay_tree_intersection,
          hangedman_decor_opposing
D:2:      minmay_roachtagon, layout_loops_ring, ebering_ecumenical_altar_hall,
          minivault_5, minivault_5, minmay_joined_circles
D:3:      layout_rooms, nzn_wu_jian_contemplation, okawaru_gym_becter,
          chequers_decorated_corner, kennysheep_generic_room_8
D:4:      layout_loops_cross, serial_rivers, chequers_serial_rivers_large_b,
          chequers_serial_rivers_micro_d, chequers_serial_rivers_micro_a,
          chequers_serial_rivers_micro_c, chequers_serial_rivers_micro_a,
          chequers_serial_rivers_small_3, uniq_duvessa

Skill      XL: |  1  2  3  4  5  6 |
---------------+-------------------+-----
Dodging        | 1 2 |  2.5
Armour         | 2 3 |  3.1
Polearms       | 1 |  1.7
Stealth        | 1 |  1.3
Spellcasting   | 1 |  1.2
Fighting       | 4 |  4.1
Axes           | 4 |  4.0

Action                     |  1- 3 |  4- 6 || total
---------------------------+-------+-------++-------
  Melee: Hand axe          |    55 |   113 ||   168
         Dagger            |    46 |     9 ||    55
         Spear             |       |   137 ||   137
    Use: Potion            |     2 |     8 ||    10
         Scroll            |       |     9 ||     9
   Stab: Distracted        |     1 |       ||     1
         Invisible         |       |     2 ||     2
         Sleeping          |       |     4 ||     4
 Armour: Leather armour    |    38 |    91 ||   129
         Skin              |       |    15 ||    15
  Dodge: Dodged            |    33 |    82 ||   115

Table legend: (Time is in decaauts)
 A = Elapsed time spent in this place.
 B = Non-inter-level travel time spent in this place.
 C = Inter-level travel time spent in this place.
 D = Time resting spent in this place.
 E = Time spent auto-exploring this place.
 F = Levels seen in this place.
 G = Mean time per level.
                   A        B        C        D        E       F      G
               +--------+--------+--------+--------+--------+-----+--------+
         Total |   2790 |   2668 |    122 |     90 |   2045 |   4 |  697.5 |
       Dungeon |   2790 |   2668 |    122 |     90 |   2045 |   4 |  697.5 |
               +--------+--------+--------+--------+--------+-----+--------+

Top non-repeatable levels by time:
     D:2: 1424 daAuts
     D:1: 676 daAuts
     D:3: 477 daAuts
     D:4: 212 daAuts
